 Dungeon Crawl Stone Soup version 0.30-a0-800-g7c544603b3 (webtiles) character file.

Game seed: 4192397328737866023

276176 pyrow613 the Executioner (level 20, 0/198 HPs)
             Began as a Red Draconian Berserker on Feb 21, 2023.
             Was a High Priest of Trog.
             Slain by a rockslime (32 damage)
             ... created by the Royal Jelly
             ... on level 5 of the Pits of Slime on Feb 22, 2023.
             The game lasted 02:39:23 (45056 turns).

pyrow613 the Executioner (Red Draconian Berserker) Turns: 45056, Time: 02:39:24

Health: 0/198      AC:  5    Str: 20    XL:     20   Next: 25%
Magic:  20/20      EV: 21    Int:  8    God:    Trog [*****.]
Gold:   1710       SH:  0    Dex: 17    Spells: 19/19 levels left

rFire   + + .      SeeInvis +    a - +11 battleaxe of Deformation {spect, rPois rCorr Int-5 Dex+5}
rCold   . . .      Faith    .    (shield currently unavailable)
rNeg    . . .      Spirit   .    (body armour unavailable)
rPois   +          Reflect  .    I - +2 hat
rElec   .          Harm     .    T - +2 cloak {Will+}
rCorr   +          Rampage  .    e - +2 pair of gloves
Will    +++..                    U - +2 pair of boots
Stlth   +++++                    A - amulet of the acrobat
HPRegen 0.53/turn                u - +4 ring of protection
MPRegen 0.17/turn                E - ring of the Manifold Tusks {+Blink Fly rPois Will+ SInv}

@: about to teleport, corroded, on berserk cooldown, flying, slowed, very slow
A: breathe fire, AC +10, unfitting armour, fire resistance 2, cold-blooded,
hooves 1, clumsy 1, subdued magic 1
a: Breathe Fire, Renounce Religion, Evoke Blink, Berserk, Trog's Hand, Brothers
in Arms


You were on level 5 of the Pits of Slime.
You worshipped Trog.
Trog was extremely pleased with you.
You visited 8 branches of the dungeon, and saw 38 of its levels.
You visited the Abyss 1 time.
You visited 1 bazaar.
You also visited: Volcano.

You collected 3533 gold pieces.
You spent 1823 gold pieces at shops.

Inventory:

Hand Weapons
 a - the +11 battleaxe of Deformation (weapon) {spect, rPois rCorr Int-5 Dex+5}
   (You bought it in a shop on level 3 of the Dungeon)

   Int:       It affects your intelligence (-5).
   Dex:       It affects your dexterity (+5).
   rPois:     It protects you from poison.
   rCorr:     It protects you from acid and corrosion.
 b - a +2 glaive of flaming
 K - the +10 war axe "Nuox" {freeze, rC+ Int+5 Stlth+}
   (You bought it in a shop on level 3 of the Dungeon)

   Int:       It affects your intelligence (+5).
   rC:        It protects you from cold.
   Stlth:     It makes you more stealthy.
 Q - a +6 halberd of venom
 X - the +10 dark maul {heavy}
   (You took it off a deep elf pyromancer on level 3 of the Elven Halls)
Missiles
 i - 23 boomerangs
 k - 2 silver javelins (quivered)
 B - 3 curare-tipped darts
 O - 4 throwing nets
Armour
 c - a +0 kite shield of reflection
 e - a +2 pair of gloves (worn)
 I - a +2 hat (worn)
 T - a +2 cloak of willpower (worn)
 U - a +2 pair of boots (worn)
Jewellery
 j - a ring of protection from cold
 l - an amulet of guardian spirit
 u - a +4 ring of protection (left hand)
 A - an amulet of the acrobat (around neck)
 E - the ring of the Manifold Tusks (right hand) {+Blink Fly rPois Will+ SInv}
   (You took it off a deep elf pyromancer on level 3 of the Elven Halls)

   [ring of see invisible]

   rPois:     It protects you from poison.
   SInv:      It lets you see invisible.
   Fly:       It grants you flight.
   +Blink:    It lets you blink.
   Will:      It increases your willpower.
 P - a ring of positive energy
Wands
 p - a wand of quicksilver (11)
 x - a wand of paralysis (23)
 y - a wand of mindburst (5)
 H - a wand of digging (13)
 R - a wand of iceblast (10)
Scrolls
 h - a scroll of silence
 n - 14 scrolls of teleportation
 r - 2 scrolls of brand weapon
 v - a scroll of fog
 w - 3 scrolls of magic mapping
 z - 19 scrolls of identify
 F - a scroll of fear
 G - 2 scrolls of blinking
 N - 3 scrolls of poison
 S - 2 scrolls of butterflies
 V - 3 scrolls of enchant weapon
 W - a scroll of enchant armour
Potions
 d - 14 potions of curing
 g - a potion of ambrosia
 m - 3 potions of invisibility
 o - 4 potions of haste
 q - 7 potions of might
 s - 7 potions of berserk rage
 t - 9 potions of flight
 C - 5 potions of magic
 D - a potion of cancellation
 J - 6 potions of lignification
 L - 5 potions of heal wounds


   Skills:
 * Level 21.1 Fighting
 + Level 24.2 Axes
 + Level 14.9 Dodging
 + Level 12.5 Stealth
 - Level 7.6 Shields


You had 19 spell levels left.
You didn't know any spells.
Your spell library was empty.

Dungeon Overview and Level Annotations

Branches:
Dungeon (15/15)            Temple (0/1) D:5            Lair (5/5) D:11
 Shoals (3/4) Lair:2        Snake (4/4) Lair:2        Slime (5/5) Lair:4
    Orc (2/2) D:10            Elf (3/3) Orc:2        Vaults (0/5) D:14
 Depths (1/4) D:15        Volcano (visited)

Altars:
Ashenzari
Elyvilon
Gozag
Makhleb
Nemelex Xobeh
Okawaru
Qazlal
Ru
Sif Muna
Uskayaw
Wu Jian
Jiyva

Shops:
D:3 (   D:8 *   D:14 [   D:15 [   Orc:2 =*(*


Innate Abilities, Weirdness & Mutations

You can breathe blasts of fire.
Your fiery red scales are hard. (AC +10)
You cannot fit into any form of body armour.
Your flesh is very heat resistant. (rF++)
You are cold-blooded and may be slowed by cold attacks.
You have large cloven feet.
You are clumsy. (Dex -2)
Your spells are a little easier to cast, but a little less powerful.


Message History

The acid blob spits acid at you. The splash of acid hits you! You resist.
The acid corrodes you!
You slash the acid blob!
Your hands burn!
The acid blob is heavily wounded.
You slash the rockslime! You hit the rockslime. You slash the acid blob!
Your hands burn!
You barely miss the acid blob. You hit the acid blob.
Your hands burn!
The acid blob jiggles.
The acid blob hits you!! The acid corrodes you!
You are splashed with acid.
You resist.
You hit the acid blob.
Your hands burn!
You tail-slap the acid blob!
The acid blob is severely wounded.
You slice the acid blob!!
Your hands burn!
You slash the acid blob!
You kill the acid blob!
That felt strangely unrewarding.
You slice the acid blob!!
Your hands burn!
You hit the rockslime but do no damage. x2; The acid blob hits you.
You are splashed with acid.
You resist. The rockslime completely misses you.
The rockslime closely misses you.
The acid blob hits your +11 battleaxe of Deformation {spect, rPois rCorr Int-5 Dex+5} but does no damage.
You are too berserk!
You swap places.
The acid blob completely misses you.
You feel a strong urge to attack something.
The rockslime misses you. The slime creature hits you!
* * * LOW HITPOINT WARNING * * *
You feel your anger nearly subside.
You are no longer berserk.
You are exhausted.
You feel yourself slow down.
Blink to where?
Press: ? - help, Dir - move target
As you read the scroll of blinking, it crumbles to dust.
Okay, then.
The rockslime jiggles.
The rockslime attacks as you move away! The rockslime misses you.
The rockslime hits you!!
* * * LOW HITPOINT WARNING * * *
You are shoved backwards!
As you read the scroll of teleportation, it crumbles to dust.
You feel strangely unstable. The rockslime misses you. The rockslime hits you!!
You die...

##....................#
#....................##
##.........((........#
##..................##
#...................##
#....................###
##.....................##
#......................##
#.......@J..............#
#.........J...............
#....##...................
#.#. ##.#................
# #####..............
#..J...........
##...J..........
#...............
##..............


You could see an acid blob and 3 rockslimes.

Vanquished Creatures
  Dissolution (Slime:3)
  the Royal Jelly (Slime:5)
  Mara (Snake:3)
  Saint Roka (Elf:3)
  Nikola (Elf:1)
  Jorgrun (Shoals:2)
  2 deep elf blademasters (Elf:3)
  A kraken (Shoals:2)
  15 acid blobs
  2 deep elf master archers (Elf:3)
  Polyphemus (Shoals:2)
  Agnes (Elf:1)
  The ghost of Holoquod the Severer, an adept MiMo of Ashenzari (Snake:2)
  Donald (Orc:2)
  11 rockslimes
  A nagaraja (Snake:3)
  The ghost of Ustreg the Blocker, an adept DsGl of Uskayaw (Lair:3)
  6 azure jellies
  6 deep elf sorcerers
  Aizul (Snake:3)
  4 deep elf elementalists (Elf:3)
  8 quicksilver oozes
  Louise (Shoals:3)
  3 stone giants
  A spriggan defender (Depths:1)
  6 very ugly things
  4 deep elf demonologists (Elf:3)
  6 deep elf annihilators
  A minotaur (Shoals:1)
  6 dire elephants (Lair:5)
  An ettin (Orc:2)
  Snorg (D:13)
  2 merfolk javelineers
  8 deep elf death magi (Elf:3)
  A yaktaur captain (D:14)
  A merfolk impaler (Shoals:3)
  7 deep elf high priests
  5 great orbs of eyes
  8 hydras
  An ice dragon (Lair:2)
  2 vault guards (D:14)
  3 ogre magi
  A rakshasa (D:15)
  A spriggan air mage (Depths:1)
  4 centaur warriors
  6 anacondas
  A satyr (Shoals:1)
  2 catoblepae
  9 two-headed ogres
  7 boulder beetles
  10 naga warriors
  23 dancing weapons
  A tengu warrior (D:15)
  A deep troll earth mage (D:12)
  A spectral dire elephant (Lair:5)
  16 death yaks
  10 orc high priests (Orc:2)
  3 naga sharpshooters (Snake:1)
  A spriggan (Depths:1)
  5 shock serpents
  11 deep elf knights
  The ghost of Aneyh the Spear-Bearer, a novice TeMo of Hepliaklqana (D:9)
  5 skysharks
  A spectral anaconda (Lair:5)
  8 sea snakes
  A spectral death yak (Lair:5)
  2 skeletal warriors (Volcano)
  6 deep elf archers
  A flayed ghost (D:14)
  2 naga ritualists (Snake:2)
  2 obsidian statues
  An orange crystal statue (Elf:3)
  Pikel (D:9)
  A lindwurm (Lair:5)
  2 anaconda skeletons (Volcano)
  An orc knight (D:14)
  3 wizards (D:14)
  13 harpies
  33 deep elf pyromancers
  16 deep elf zephyrmancers
  5 necromancers
  5 mana vipers
  6 orc sorcerers
  13 ugly things
  14 manticores
  17 fauns
  3 shining eyes
  8 cyclopes
  4 oklob plants (Lair:3)
  6 salamanders
  30 black mambas
  7 guardian serpents
  10 merfolk sirens
  4 water nymphs
  An ice statue (Lair:2)
  An eye of devastation (Slime:5)
  10 elephants
  4 naga magi
  11 cane toads
  A torpor snail (Lair:5)
  7 gargoyles
  4 unseen horrors
  6 komodo dragons
  2 rime drakes (Lair:2)
  An efreet (D:13)
  A freezing wraith (D:15)
  4 kobold demonologists
  3 tengu conjurers (D:12)
  An ice devil (Abyss:2)
  4 wind drakes
  7 trolls
  11 merfolk
  3 meliai (Shoals:1)
  3 hornets
  11 polar bears
  A raiju (shapeshifter) (Elf:2)
  3 blink frogs (Lair:4)
  A spectral elephant (Lair:5)
  7 snapping turtles
  Grinder (D:3)
  16 dream sheep
  97 slime creatures
  3 flying skulls (Volcano)
  Sigmund (D:3)
  3 air elementals (Elf:1)
  A wraith (D:11)
  2 shadows
  A fire elemental (Elf:2)
  8 wyverns
  19 humans (D:14)
  8 water elementals
  39 yaks
  4 basilisks
  7 golden eyes
  A chaos spawn (Abyss:2)
  7 vampire mosquitoes
  2 death yak simulacra
  17 nagas
  3 steam dragons
  10 wargs
  3 acid dragons
  A swamp worm (shapeshifter) (D:14)
  2 hell hounds (Orc:1)
  2 hornet zombies (D:7)
  14 water moccasins
  2 ice beasts (D:7)
  19 orc warriors
  7 black bears
  5 elephant zombies (Lair:5)
  8 ogres
  17 wolves
  12 centaurs
  2 lemures (D:9)
  3 phantoms
  8 kobold brigands
  9 bullfrogs
  A necrophage (D:6)
  2 scorpions (D:5)
  3 gnoll sergeants (D:10)
  A two-headed ogre simulacrum (Lair:2)
  An earth elemental (Elf:2)
  2 wyvern zombies (D:7)
  2 cane toad simulacra (Lair:5)
  19 wights
  2 elephant simulacra (Lair:5)
  6 killer bees (D:9)
  A spriggan skeleton (Volcano)
  13 electric eels
  5 howler monkeys
  2 troll skeletons (Volcano)
  2 lava snakes
  6 jellies
  A bullfrog zombie (D:7)
  2 centaur zombies (D:7)
  3 hounds
  29 orc priests
  5 iguanas
  Ijyb (D:3)
  Terence (D:3)
  A troll simulacrum (Lair:2)
  11 orc wizards
  4 killer bee zombies (D:7)
  6 gnolls
  10 adders
  A white imp (D:5)
  2 ufetubi
  4 worms (D:2)
  2 dart slugs
  69 orcs
  9 ball pythons
  3 bats
  4 endoplasms
  2 giant cockroaches
  5 goblins
  8 hobgoblins
  7 jackals
  4 quokkas (D:1)
  4 frilled lizards
  19 kobolds
  4 rats
  3 bushes (Bazaar)
  A fungus (Lair:4)
  5 plants
  3 tentacles (Shoals:2)
  A withered plant (Lair:5)
1255 creatures vanquished.

Vanquished Creatures (collateral kills)
  A hydra (D:15)
  A centaur warrior (D:15)
  An ugly thing (D:15)
  2 centaurs (D:15)
5 creatures vanquished.

Vanquished Creatures (others)
  A deep elf demonologist (Elf:1)
  A spectral death yak (Lair:5)
  A deep elf pyromancer (D:12)
  An orc (Orc:2)
  A kobold (D:8)
  25 fungi
  139 plants
  4 tentacles (Shoals:2)
  34 withered plants
207 creatures vanquished.

Grand Total: 1467 creatures vanquished

Notes
Turn   | Place    | Note
-------+----------+-------------------------------------------
     0 | D:1      | pyrow613 the Draconian Berserker began the quest for the
                  | Orb.
     0 | D:1      | Reached XP level 1. HP: 19/19 MP: 1/1
   107 | D:1      | Reached XP level 2. HP: 25/26 MP: 2/2
   368 | D:1      | Reached XP level 3. HP: 28/33 MP: 3/3
   482 | D:1      | Reached ** piety under Trog
   889 | D:2      | Found a stormy altar of Qazlal.
  1089 | D:2      | Reached skill level 1 in Stealth
  1239 | D:2      | Reached XP level 4. HP: 22/40 MP: 4/4
  1836 | D:3      | Noticed Grinder
  1846 | D:3      | Killed Grinder
  1847 | D:3      | Reached skill level 4 in Axes
  1847 | D:3      | Reached XP level 5. HP: 47/47 MP: 5/5
  2010 | D:3      | Found a faded altar of an unknown god.
  2048 | D:3      | Found a burning altar of Makhleb.
  2048 | D:3      | Noticed an Executioner
  2052 | D:3      | Noticed a ynoxinul
  2052 | D:3      | Noticed a ynoxinul
  2068 | D:3      | Noticed Ijyb
  2076 | D:3      | Killed Ijyb
  2077 | D:3      | Reached XP level 6. HP: 50/53 MP: 6/6
  2195 | D:3      | Noticed Sigmund
  2206 | D:3      | Killed Sigmund
  2207 | D:3      | Reached skill level 5 in Axes
  2447 | D:3      | Found Bieczefo's Antique Weapon Shoppe.
  2468 | D:3      | Noticed Terence
  2490 | D:3      | Killed Terence
  2649 | D:4      | Your scales start taking on a fiery red colour.
  2649 | D:4      | Reached XP level 7. HP: 60/60 MP: 7/7
  2649 | D:4      | Gained mutation: Your flesh is heat resistant. (rF+) [Red
                  | Draconian growth]
  2750 | D:3      | Bought a polished war axe for 195 gold pieces
  2750 | D:3      | Identified the +10 war axe "Nuox" {freeze, rC+ Int+5
                  | Stlth+} (You bought it in a shop on level 3 of the Dungeon)
  2884 | D:4      | Reached skill level 5 in Fighting
  2940 | D:4      | Reached skill level 6 in Axes
  3253 | D:4      | Found a sacrificial altar of Ru.
  3581 | D:5      | Entered Level 5 of the Dungeon
  3630 | D:5      | Reached XP level 8. HP: 69/69 MP: 8/8
  3837 | D:5      | Reached skill level 7 in Axes
  4094 | D:5      | Found an ornate altar of the Wu Jian Council.
  4167 | D:5      | Found a staircase to the Ecumenical Temple.
  4282 | D:5      | Found a stormy altar of Qazlal.
  4288 | D:5      | Reached skill level 5 in Dodging
  4567 | D:6      | Reached skill level 8 in Axes
  4812 | D:6      | Found a white marble altar of Elyvilon.
  4844 | D:6      | Gained mutation: Your tail ends in a venomous barb. [potion
                  | of mutation]
  4844 | D:6      | Gained mutation: You are clumsy. (Dex -2) [potion of
                  | mutation]
  4844 | D:6      | Gained mutation: You are robust. (+10% HP) [potion of
                  | mutation]
  4844 | D:6      | Gained mutation: You have sharp toenails. [potion of
                  | mutation]
  4944 | D:6      | Reached *** piety under Trog
  5103 | D:7      | Reached skill level 9 in Axes
  5175 | D:7      | Reached XP level 9. HP: 72/82 MP: 9/9
  5428 | D:7      | Reached skill level 10 in Axes
  5579 | D:7      | Found an iron altar of Okawaru.
  5862 | D:7      | Reached skill level 11 in Axes
  6489 | D:8      | Reached skill level 12 in Axes
  6557 | D:8      | Reached XP level 10. HP: 91/91 MP: 10/10
  6585 | D:8      | Reached **** piety under Trog
  6683 | D:8      | Found Wack's Demolitions Depot.
  7402 | D:8      | Reached skill level 13 in Axes
  7824 | D:9      | Found a broken altar of Ashenzari.
  7858 | D:9      | Found a sparkling altar of Nemelex Xobeh.
  7886 | D:9      | Noticed Pikel
  7891 | D:9      | Killed Pikel
  7933 | D:9      | Found an opulent altar of Gozag.
  7961 | D:9      | Reached skill level 14 in Axes
  8083 | D:9      | Reached skill level 1 in Shields
  8172 | D:9      | Identified the +5 trident of the Lost Ziggurats {venom,
                  | *Corrode rF+++ rN+}
  8320 | D:9      | Found a runed translucent door.
  8327 | D:9      | Noticed Aneyh's ghost (novice TeMo)
  8451 | D:9      | Killed Aneyh's ghost
  8518 | D:9      | Reached XP level 11. HP: 100/100 MP: 11/11
  8600 | D:10     | Entered Level 10 of the Dungeon
  8600 | D:10     | Noticed a two-headed ogre
  8604 | D:10     | Killed a two-headed ogre
  9019 | D:10     | You fall into a shaft and drop 3 floors!
  9197 | D:12     | Reached skill level 15 in Axes
  9199 | D:12     | Noticed a two-headed ogre
  9209 | D:12     | Killed a two-headed ogre
  9220 | D:12     | Noticed a green ugly thing
  9509 | D:11     | Noticed a boulder beetle
  9830 | D:10     | Found a staircase to the Orcish Mines.
 10308 | D:11     | Reached XP level 12. HP: 108/113 MP: 12/12
 10386 | D:11     | Reached skill level 5 in Shields
 10407 | D:11     | Noticed a boulder beetle
 10416 | D:11     | Killed a boulder beetle
 10552 | D:11     | Found a staircase to the Lair.
 10582 | D:11     | Reached skill level 16 in Axes
 10699 | D:11     | Killed a boulder beetle
 11165 | D:12     | Noticed a two-headed ogre
 11173 | D:12     | Killed a two-headed ogre
 11763 | D:12     | Noticed a five-headed hydra
 11808 | D:12     | Killed a five-headed hydra
 12342 | D:12     | Found a shimmering blue altar of Sif Muna.
 12345 | D:12     | Noticed an ogre mage
 12362 | D:12     | Killed an ogre mage
 12363 | D:12     | Reached XP level 13. HP: 124/124 MP: 13/13
 12364 | D:12     | Noticed a deep elf annihilator
 12772 | Orc:1    | Entered Level 1 of the Orcish Mines
 12813 | Orc:1    | Reached skill level 17 in Axes
 12903 | Orc:1    | Found a dark tunnel.
 12916 | Volcano  | Entered a volcano
 13022 | Volcano  | Reached skill level 10 in Fighting
 13813 | Orc:2    | Entered Level 2 of the Orcish Mines
 13833 | Abyss:2  | Cast into level 2 of the Abyss (ogre mage)
 13870 | Orc:2    | Escaped the Abyss
 14519 | Lair:1   | Entered Level 1 of the Lair of Beasts
 14745 | D:3      | Bought a glowing executioner's axe for 299 gold pieces
 14745 | D:3      | Bought a translucent battleaxe for 264 gold pieces
 14745 | D:3      | Identified the +11 battleaxe of Deformation {spect, rPois
                  | rCorr Int-5 Dex+5} (You bought it in a shop on level 3 of
                  | the Dungeon)
 15943 | Lair:2   | Found a staircase to the Shoals.
 16117 | Lair:2   | Reached ***** piety under Trog
 16163 | Lair:2   | Reached skill level 18 in Axes
 16695 | Lair:2   | Found a staircase to the Snake Pit.
 16872 | Lair:2   | Reached XP level 14. HP: 136/136 MP: 14/14
 16916 | Lair:2   | Received a gift from Trog
 17012 | Lair:2   | Identified the +2 scale mail of Zuetz {Will+ SInv}
 17938 | Lair:3   | Reached skill level 10 in Dodging
 18337 | Lair:3   | Found a runed translucent gate.
 18337 | Lair:3   | Found a runed translucent gate.
 18338 | Lair:3   | Found a runed translucent gate.
 18341 | Lair:3   | Found a viscous altar of Jiyva.
 18341 | Lair:3   | Noticed Ustreg's ghost (adept DsGl)
 18359 | Lair:3   | Killed Ustreg's ghost
 18761 | Lair:3   | Reached skill level 19 in Axes
 19358 | Lair:4   | Received a gift from Trog
 19747 | Lair:4   | Found a staircase to the Slime Pits.
 19944 | Lair:5   | Entered Level 5 of the Lair of Beasts
 20442 | Lair:5   | Reached XP level 15. HP: 112/148 MP: 15/15
 20737 | Lair:5   | Reached skill level 5 in Stealth
 20770 | Lair:5   | Identified the +1 flail "Bask" {heavy, Dex+2}
 21081 | Lair:5   | Reached skill level 20 in Axes
 21806 | Orc:2    | Found Atyt Dee's Antique Weapon Shop.
 21806 | Orc:2    | Found Cisu's Assorted Antiques.
 22399 | Orc:2    | Found a staircase to the Elven Halls.
 22631 | Orc:2    | Noticed Donald
 22638 | Orc:2    | Killed Donald
 22763 | Orc:2    | Found Veymitaos's Jewellery Shop.
 22763 | Orc:2    | Found Vehyesan's Assorted Antiques.
 22782 | Orc:2    | Received a gift from Trog
 23715 | D:12     | Identified the +0 plate armour of Creativity {+Blink}
 24096 | D:13     | Found an opulent altar of Gozag.
 24128 | D:13     | Noticed Snorg
 24135 | D:13     | Killed Snorg
 24612 | D:14     | Found Kuimm's Antique Armour Shoppe.
 24620 | D:14     | Bought an embroidered cloak for 180 gold pieces
 24620 | D:14     | Bought an embroidered cloak for 180 gold pieces
 24679 | D:14     | Received a gift from Trog
 24714 | D:14     | Found a gate to the Vaults.
 24729 | D:14     | Reached XP level 16. HP: 155/161 MP: 16/16
 24992 | D:14     | Reached skill level 15 in Fighting
 25698 | D:15     | Entered Level 15 of the Dungeon
 25701 | D:15     | Found a staircase to the Depths.
 25837 | D:15     | Found Xaedd's Armour Emporium.
 26120 | D:15     | Reached skill level 21 in Axes
 26196 | D:15     | Received a gift from Trog
 26587 | D:15     | Found a hide-covered altar of Uskayaw.
 26816 | Snake:1  | Entered Level 1 of the Snake Pit
 27883 | Snake:1  | You fall into a shaft and drop 1 floor!
 28028 | Snake:2  | Found a large runed translucent door.
 28028 | Snake:2  | Found a large runed translucent door.
 28039 | Snake:2  | Noticed Holoquod's ghost (adept MiMo)
 28625 | Snake:2  | Received a gift from Trog
 28770 | Snake:2  | Reached XP level 17. HP: 148/174 MP: 17/17
 28932 | Snake:2  | Killed Holoquod's ghost
 29298 | Snake:3  | Noticed Mara
 29319 | Snake:3  | Noticed pyrow613's illusion
 29334 | Snake:3  | HP: 3/176 [Mara/+2 demon trident of electrocution (12)]
 29852 | Slime:1  | Entered Level 1 of the Pits of Slime
 29937 | Slime:1  | Noticed an acid blob
 29948 | Slime:1  | Killed an acid blob
 30044 | Slime:1  | Noticed an acid blob
 30073 | Slime:1  | Killed an acid blob
 30084 | Slime:1  | Gained mutation: You are dopey. (Int -2) [a shining eye]
 30852 | Slime:2  | Noticed an acid blob
 30860 | Slime:2  | Killed an acid blob
 31243 | Slime:2  | Reached skill level 22 in Axes
 31767 | Slime:3  | Noticed Dissolution
 31778 | Slime:3  | Killed Dissolution
 32017 | Slime:3  | Lost mutation: You are robust. (+10% HP) [a shining eye]
 32020 | Slime:3  | Lost mutation: You are dopey. (Int -2) [potion of mutation]
 32020 | Slime:3  | Lost mutation: You have sharp toenails. [potion of
                  | mutation]
 32020 | Slime:3  | Gained mutation: Your muscles are strong. (Str +4, Int/Dex
                  | -1) [potion of mutation]
 32380 | Slime:4  | Found a viscous altar of Jiyva.
 32386 | Slime:4  | Noticed an acid blob
 32408 | Slime:4  | Killed an acid blob
 32511 | Slime:4  | Noticed an acid blob
 32593 | Slime:4  | Killed an acid blob
 33344 | Shoals:1 | Entered Level 1 of the Shoals
 33397 | Shoals:1 | Received a gift from Trog
 33434 | Shoals:1 | Found a flickering gateway to a bazaar.
 33448 | Bazaar   | Entered a bazaar
 33448 | Bazaar   | Found Ismuory's Distillery.
 33448 | Bazaar   | Found Fesid's Armour Boutique.
 33448 | Bazaar   | Found Kebbosku's General Store.
 33448 | Bazaar   | Found Acvaf's Armour Boutique.
 33448 | Bazaar   | Found Ybli's Assorted Antiques.
 33448 | Bazaar   | Found Waanudue's Antique Armour Shop.
 33524 | Bazaar   | Bought a pair of runed boots for 240 gold pieces
 33524 | Bazaar   | Bought a runed cloak for 240 gold pieces
 33541 | Bazaar   | Bought a potion of heal wounds for 55 gold pieces
 33543 | Bazaar   | Bought an ivory ring for 170 gold pieces
 33590 | Shoals:1 | Reached XP level 18. HP: 137/172 MP: 18/18
 33812 | Shoals:1 | Found a hide-covered altar of Uskayaw.
 34059 | Shoals:1 | Reached skill level 10 in Stealth
 34219 | Shoals:1 | Found the +8 longbow "Zephyr" {speed, Dex+3 SInv}
 35080 | Shoals:2 | Noticed Jorgrun
 35116 | Shoals:2 | Killed Jorgrun
 35591 | Shoals:2 | Noticed Polyphemus
 35610 | Shoals:2 | Killed Polyphemus
 35704 | Shoals:3 | Noticed Louise
 35718 | Shoals:3 | Killed Louise
 35852 | Shoals:3 | Reached skill level 23 in Axes
 37122 | Snake:3  | Lost mutation: Your muscles are strong. (Str +4, Int/Dex
                  | -1) [potion of mutation]
 37122 | Snake:3  | Lost mutation: You are clumsy. (Dex -2) [potion of
                  | mutation]
 37122 | Snake:3  | Gained mutation: You expend magic power (3 MP) to
                  | strengthen your wands. [potion of mutation]
 37122 | Snake:3  | Gained mutation: You have hidden genetic defects. [potion
                  | of mutation]
 37122 | Snake:3  | Gained mutation: Your mind is acute. (Int +4, Str/Dex -1)
                  | [potion of mutation]
 37123 | Snake:3  | Lost mutation: Your mind is acute. (Int +4, Str/Dex -1)
                  | [potion of mutation]
 37123 | Snake:3  | Lost mutation: You have hidden genetic defects. [potion of
                  | mutation]
 37123 | Snake:3  | Gained mutation: You sometimes lose your temper in combat.
                  | [potion of mutation]
 37123 | Snake:3  | Gained mutation: Your muscles are strong. (Str +4, Int/Dex
                  | -1) [potion of mutation]
 37124 | Snake:3  | Lost mutation: You expend magic power (3 MP) to strengthen
                  | your wands. [potion of mutation]
 37124 | Snake:3  | Lost mutation: Your tail ends in a venomous barb. [potion
                  | of mutation]
 37124 | Snake:3  | Lost mutation: You sometimes lose your temper in combat.
                  | [potion of mutation]
 37124 | Snake:3  | Gained mutation: You have hidden genetic defects. [potion
                  | of mutation]
 37124 | Snake:3  | Gained mutation: You have a pair of small antennae on your
                  | head. [potion of mutation]
 37180 | Snake:3  | Killed Mara
 37300 | Snake:3  | Noticed Aizul
 37309 | Snake:3  | Killed Aizul
 37595 | Snake:4  | Entered Level 4 of the Snake Pit
 37855 | Elf:1    | Entered Level 1 of the Elven Halls
 37970 | Elf:1    | Reached ****** piety under Trog
 38027 | Elf:1    | Received a gift from Trog
 38030 | Elf:1    | Noticed Agnes
 38035 | Elf:1    | Killed Agnes
 38088 | Elf:1    | Gained mutation: Your magical capacity is low. (-10% MP)
                  | [hidden defects]
 38341 | Elf:1    | Paralysed by an air elemental for 1 turns
 38397 | Elf:1    | Reached XP level 19. HP: 183/183 MP: 17/17
 38421 | Elf:1    | Noticed Nikola
 38438 | Elf:1    | Killed Nikola
 39170 | Elf:2    | Found a runed translucent gate.
 39170 | Elf:2    | Found a runed translucent gate.
 39170 | Elf:2    | Found a runed translucent gate.
 39451 | Elf:2    | Gained mutation: You sometimes lose your temper in combat.
                  | [hidden defects]
 39451 | Elf:2    | Lost mutation: You have hidden genetic defects. [hidden
                  | defects expressed]
 39500 | Elf:2    | Lost mutation: Your muscles are strong. (Str +4, Int/Dex
                  | -1) [potion of mutation]
 39500 | Elf:2    | Lost mutation: Your magical capacity is low. (-10% MP)
                  | [potion of mutation]
 39500 | Elf:2    | Gained mutation: You are somewhat resistant to further
                  | mutation. [potion of mutation]
 39501 | Elf:2    | Lost mutation: You are somewhat resistant to further
                  | mutation. [potion of mutation]
 39501 | Elf:2    | Lost mutation: You have a pair of small antennae on your
                  | head. [potion of mutation]
 39501 | Elf:2    | Lost mutation: You sometimes lose your temper in combat.
                  | [potion of mutation]
 39501 | Elf:2    | Gained mutation: Your spells are a little easier to cast,
                  | but a little less powerful. [potion of mutation]
 39501 | Elf:2    | Gained mutation: Your flesh is very heat resistant. (rF++)
                  | [potion of mutation]
 39501 | Elf:2    | Gained mutation: You have large cloven feet. [potion of
                  | mutation]
 39820 | Elf:2    | Received a gift from Trog
 40334 | Elf:3    | Entered Level 3 of the Elven Halls
 41047 | Elf:3    | Received a gift from Trog
 41081 | Elf:3    | Noticed Saint Roka
 41092 | Elf:3    | Killed Saint Roka
 41100 | Elf:3    | Identified the +3 long sword of Deformation {heavy, rPois
                  | rCorr Dex+3}
 41811 | Elf:3    | Reached skill level 24 in Axes
 41855 | Elf:3    | Identified the ring of the Manifold Tusks {+Blink Fly rPois
                  | Will+ SInv}
 42891 | Depths:1 | Entered Level 1 of the Depths
 43434 | Depths:1 | HP: 9/187 [cyan very ugly thing (25)]
 44171 | Slime:5  | Entered Level 5 of the Pits of Slime
 44180 | Slime:5  | Reached XP level 20. HP: 188/195 MP: 20/20
 44195 | Slime:5  | Received a gift from Trog
 44220 | Slime:5  | Gained mutation: You are clumsy. (Dex -2) [a shining eye]
 44551 | Slime:5  | Noticed the Royal Jelly
 45038 | Slime:5  | Killed the Royal Jelly
 45056 | Slime:5  | Slain by a rockslime

Illustrated notes

Levels and vault maps discovered:
D:1:      tarquinn_simple_flora_water_f, layout_basic
D:2:      minmay_razor_zed, layout_basic, basic_altar
D:3:      layout_loops_ring, makhleb_altar_promises_db,
          shapermc_ecumenical_altar_ellora, serial_shops, nicolae_diamond_shop,
          uniq_grinder, uniq_sigmund, uniq_terence, uniq_ijyb
D:4:      layout_gridville, nicolae_ru_sacrificial_ziggurat, grunt_ministairs_5
D:5:      layout_rooms, old_standard_altar, overflow_temple_1_default,
          minmay_temple_entry_statues_pillars
D:6:      layout_loops_ring, mainiacjoe_overflow_catwalk
D:7:      layout_basic, mainiacjoe_overflow_cross_hatched, serial_undead,
          serial_undead_e, serial_undead_d, serial_undead_d, serial_undead_d,
          serial_undead_c, serial_undead_f, serial_undead_f, minivault_4
D:8:      layout_basic, grunt_ministairs_13, nicolae_blasting_shop,
          water_boxes_lemuel
D:9:      layout_roguey, mainiacjoe_overflow_tiny_flanked,
          mainiacjoe_overflow_catch_the_wave, ebering_ghost_reflecting_pool,
          uniq_pikel
D:10:     layout_roguey, kennysheep_orc_monster_closet_entryway,
          grunt_ministairs_13
D:11:     layout_long_grid, minmay_lair_entry_grove,
          chequers_serial_rivers_room_a
D:12:     evilmike_library_of_no_secrets, layout_irregular_city,
          serial_bayou_lake_a
D:13:     layout_basic, grunt_gozag_breadcrumbs, uniq_snorg
D:14:     minmay_glassy_protrusions, layout_stronghold,
          grunt_vaults_entry_tiered, serial_shops, nicolae_diamond_shop,
          minivault_26
D:15:     grunt_enter_depths_giant_problem, layout_basic,
          nicolae_uskayaw_suspiria, serial_shops, nicolae_square_shop
Lair:1:   beast_lair_carwin_large_1, layout_gridlike
Lair:2:   dreamdust_isle_of_ice, layout_layer_cave, elwin_shoals_entry_stream,
          dummy_snake_entry
Lair:3:   layout_small_grid, gammafunk_ghost_ooze, dpeg_oklob_1
Lair:4:   layout_long_grid, dpeg_slime_entry_enclosed
Lair:5:   due_jungle_book, layout_misc_corridors, serial_bayou,
          serial_bayou_pond_c, serial_bayou_shore_a, serial_bayou_pond_b,
          serial_bayou_crossing, grunt_megastairs_5, serial_bayou_shore_b
Shoals:1: layout_shoals, serial_shops, bzr_entry_gold, regret_index_shoals_crete
Shoals:2: layout_shoals, uniq_polyphemus, uniq_jorgrun
Shoals:3: layout_shoals, uniq_louise
Snake:1:  layout_chambers, nicolae_snake_single_loop, nicolae_integral_box
Snake:2:  layout_misc_corridors, ebering_ghost_disaster_area,
          hangedman_snake_corridor_cut
Snake:3:  layout_honeycomb, nicolae_snake_shapes, uniq_mara, uniq_aizul
Snake:4:  snake_pit_salamanders_mu, layout_misc_corridors, basic_altar,
          corexii_hall_statues_deadend, serial_bayou_pond_b, drop_trap,
          minmay_shoptagon
Slime:1:  layout_caves
Slime:2:  layout_caves
Slime:3:  layout_caves, dissolution_awaits
Slime:4:  layout_caves, basic_altar
Slime:5
Orc:1:    layout_caves, enter_volcano_3
Orc:2:    st_orc_town, layout_caves, special_room, rock_pile, uniq_donald
Elf:1:    eino_elf_arrival_shootout, layout_geoelf_octagon,
          hangedman_elf_represent, nicolae_elf_glass_and_crystal_pillar_2,
          uniq_agnes, uniq_nikola
Elf:2:    elven_hall_of_blades_hangedman_original [mumra_blade_entry_dagger],
          layout_gridlike, lemuel_upstairs_altar
Elf:3:    minmay_elf_hall_curves, layout_geoelf_castle, david_greed,
          uniq_saint_roka
Depths:1: layout_basic, grunt_decor_junction, grunt_mini_vestibule,
          chequers_serial_rivers_micro_c, minmay_mirror_moons_of_madness

Skill      XL: |  1  2  3  4  5  6  7  8  9 10 11 12 13 14 15 16 17 18 19 20 |
---------------+-------------------------------------------------------------+-----
Dodging        | 3 4 5 6 8 9 10 11 12 13 14 | 14.9
Stealth        | 1 2 3 4 6 8 9 11 12 | 12.5
Fighting       | 4 5 6 8 9 11 13 14 16 18 19 20 21 | 21.1
Axes           | 4 5 6 9 12 14 15 16 18 19 20 21 22 23 24 | 24.2
Shields        | 2 4 6 7 |  7.6

Action                     |  1- 3 |  4- 6 |  7- 9 | 10-12 | 13-15 | 16-18 | 19-21 || total
---------------------------+-------+-------+-------+-------+-------+-------+-------++-------
  Melee: Hand axe          |   126 |    93 |       |       |       |       |       ||   219
         Tailslap          |    11 |     8 |    18 |    46 |   115 |   151 |    88 ||   437
         Punch             |       |     2 |     3 |     2 |       |       |       ||     7
         War axe           |       |       |   173 |   385 |   139 |       |       ||   697
         Kick              |       |       |    22 |   111 |    74 |       |       ||   207
         Unarmed           |       |       |    24 |       |       |       |       ||    24
         Mace              |       |       |       |     6 |       |       |       ||     6
         Battleaxe         |       |       |       |       |   497 |   796 |   426 ||  1719
         Glaive            |       |       |       |       |    31 |     5 |       ||    36
  Throw: Boomerang         |       |       |       |     3 |     4 |     5 |       ||    12
         Javelin           |       |       |       |       |       |       |     2 ||     2
 Invoke: Berserk           |       |     2 |     3 |     9 |    13 |    10 |     6 ||    43
         Trog's Hand       |       |     2 |     1 |    11 |    14 |    22 |     8 ||    58
         Brothers in Arms  |       |       |       |       |       |     1 |       ||     1
Ability: Breathe Fire      |       |       |     6 |     5 |     9 |     3 |     4 ||    27
    Use: Scroll            |     2 |     2 |     6 |     8 |    17 |     6 |     6 ||    47
         Potion            |       |       |     1 |       |     9 |     8 |     2 ||    20
   Stab: Sleeping          |     1 |     2 |    17 |     6 |    12 |    35 |     9 ||    82
         Distracted        |       |       |       |     2 |    14 |    29 |    17 ||    62
         Petrified         |       |       |       |       |     7 |       |       ||     7
         Petrifying        |       |       |       |       |     1 |       |       ||     1
 Armour: Skin              |    51 |    26 |    63 |   115 |   184 |   202 |   109 ||   750
  Dodge: Dodged            |    88 |    44 |   128 |   228 |   398 |   648 |   302 ||  1836
  Block: Buckler           |       |       |       |    49 |    25 |       |       ||    74

Table legend: (Time is in decaauts)
 A = Elapsed time spent in this place.
 B = Non-inter-level travel time spent in this place.
 C = Inter-level travel time spent in this place.
 D = Time resting spent in this place.
 E = Time spent auto-exploring this place.
 F = Levels seen in this place.
 G = Mean time per level.
                   A        B        C        D        E       F      G
               +--------+--------+--------+--------+--------+-----+--------+
         Total |  45149 |  41451 |   3698 |   9942 |  23838 |  41 | 1101.2 |
       Dungeon |  17777 |  16092 |   1685 |   3709 |   9563 |  15 | 1185.1 |
          Lair |   7321 |   6405 |    916 |    904 |   4378 |   5 | 1464.2 |
        Shoals |   3590 |   3422 |    168 |    606 |   1921 |   3 | 1196.7 |
     Snake Pit |   3626 |   3388 |    238 |    559 |   2344 |   4 |  906.5 |
    Slime Pits |   4301 |   4063 |    238 |   1864 |   1510 |   5 |  860.2 |
  Orcish Mines |   2576 |   2371 |    205 |    900 |   1152 |   2 | 1288.0 |
   Elven Halls |   4579 |   4349 |    230 |    811 |   2620 |   3 | 1526.3 |
        Depths |    415 |    400 |     15 |    185 |     65 |   1 |  415.0 |
         Abyss |     45 |     45 |      0 |      0 |      8 |   1 |   45.0 |
        Bazaar |    108 |    108 |      0 |      0 |     65 |   1 |  108.0 |
       Volcano |    807 |    807 |      0 |    399 |    211 |   1 |  807.0 |
               +--------+--------+--------+--------+--------+-----+--------+

Top non-repeatable levels by time:
   Elf:3: 2082 daAuts
    D:12: 2017 daAuts
  Lair:2: 1926 daAuts
   Orc:2: 1693 daAuts
  Lair:3: 1690 daAuts
    D:15: 1614 daAuts
 Snake:2: 1596 daAuts
    D:11: 1585 daAuts
  Lair:5: 1544 daAuts
   Elf:2: 1530 daAuts
     D:8: 1416 daAuts
     D:7: 1383 daAuts
Shoals:2: 1331 daAuts
Shoals:3: 1187 daAuts
    D:14: 1154 daAuts
